[Event "Early-Titled-Tuesday-Blitz-February-20-2024"]
[Site "Chess.com"]
[Date "2024.02.20"]
[Round "1"]
[White "ckgchess"]
[Black "DonJuan_34"]
[Result "1-0"]
[WhiteElo "2870"]
[BlackElo "2483"]
[TimeControl "180+1"]
[EndTime "8:01:46 PST"]
[Termination "ckgchess won by resignation"]

1. e4 e6 2. d4 d5 3. Nd2 c5 4. Ngf3 cxd4 5. exd5 Qxd5 6. Bc4 Qd6 7. O-O Nc6 8. Ne4 Qc7 9. Nxd4 Nxd4 10. Qxd4 Ne7 11.
Nd6+ 1-0

[Event "Early-Titled-Tuesday-Blitz-February-20-2024"]
[Site "Chess.com"]
[Date "2024.02.20"]
[Round "1"]
[White "kleopl"]
[Black "UnTucopalaTimba"]
[Result "1-0"]
[WhiteElo "2547"]
[BlackElo "1994"]
[TimeControl "180+1"]
[EndTime "8:01:51 PST"]
[Termination "kleopl won by resignation"]

1. e4 c6 2. Nc3 d5 3. Qe2 g6 4. g3 Bg7 5. Bg2 e6 6. exd5 cxd5 7. Nxd5 Ne7 8. Nxe7 Qxe7 9. c3 O-O 10. d4 Qd8 11. Nf3 e5 12. dxe5 Bxe5 13. Nxe5 Re8 14. O-O f6 15. Qc4+ Be6 16. Qh4 fxe5 17. Qxd8 Rxd8 18.
Bxb7 1-0

[Event "Early-Titled-Tuesday-Blitz-February-20-2024"]
[Site "Chess.com"]
[Date "2024.02.20"]
[Round "1"]
[White "bangchess21"]
[Black "Daniel_Salinas"]
[Result "1-0"]
[WhiteElo "2768"]
[BlackElo "2419"]
[TimeControl "180+1"]
[EndTime "8:02:07 PST"]
[Termination "bangchess21 won by resignation"]

1. d4 d5 2. Nc3 Nf6 3. Bf4 c5 4. e4 Nxe4 5. Nxe4 dxe4 6. dxc5 Qa5+ 7. c3 Qxc5 8. Qa4+ Nc6 9. Qxe4 g6 10. Nf3 Bg7 11.
Rd1 O-O 12. Be3 Qa5 13. Bc4 Bf5 14. Qh4 Rad8 15. O-O h5 16. h3 Qa4 17. Bxf7+ 1-0

[Event "Early-Titled-Tuesday-Blitz-February-20-2024"]
[Site "Chess.com"]
[Date "2024.02.20"]
[Round "1"]
[White "doctorcristian"]
[Black "rikchessmx"]
[Result "1-0"]
[WhiteElo "2611"]
[BlackElo "2250"]
[TimeControl "180+1"]
[EndTime "8:02:13 PST"]
[Termination "doctorcristian won by resignation"]

1. d4 Nf6 2. Nc3 e6 3. e4 d6 4. Be3 Be7 5. f4 c6 6. e5 Nd5 7. Nxd5 cxd5 8. Nf3 Nc6 9. c3 Qb6 10. Qd2 dxe5 11. fxe5 Bd7 12. Bd3 h6 13. O-O O-O-O 14. b4 Kb8 15. a4 f6 16. a5 Qc7 17.
b5 Nxa5 18. exf6 gxf6 19. Bf4 e5 20. dxe5 Nc4 21. Bxc4 Qxc4 22. exf6+ Bd6 23. Bxd6+ Ka8 24. Qf2 1-0

[Event "Early-Titled-Tuesday-Blitz-February-20-2024"]
[Site "Chess.com"]
[Date "2024.02.20"]
[Round "1"]
[White "EsmeraldasAnderson03"]
[Black "JRenatoMaranhao"]
[Result "1-0"]
[WhiteElo "2549"]
[BlackElo "2013"]
[TimeControl "180+1"]
[EndTime "8:02:24 PST"]
[Termination "EsmeraldasAnderson03 won by resignation"]

1. d4 d5 2. c4 e6 3. cxd5 exd5 4.
Nc3 Nf6 5. Bg5 c6 6. Qc2 h6 7.
Bh4 Be7 8. e3 Na6 9. Bxa6 bxa6 10. Nf3 Bg4 11. Ne5 Bh5 12. Nxc6 Bg6 13. Qb3 Qb6 14.
Nxe7 1-0

[Event "Early-Titled-Tuesday-Blitz-February-20-2024"]
[Site "Chess.com"]
[Date "2024.02.20"]
[Round "1"]
[White "IamSchrodingersCat"]
[Black "Fjal"]
[Result "1-0"]
[WhiteElo "2609"]
[BlackElo "2235"]
[TimeControl "180+1"]
[EndTime "8:02:28 PST"]
[Termination "IamSchrodingersCat won by checkmate"]

1. e4 d6 2. d4 Nf6 3. Nc3 g6 4. f4 Bg7 5. Nf3 O-O 6. e5 Nfd7 7. Bc4 c5 8. e6 Nb6 9. exf7+ Kh8 10. h4 Nxc4 11. h5 gxh5 12. Ng5 Bg4 13. Qxg4 Qd7 14. Rxh5 Qxg4 15. Rxh7# 1-0

[Event "Early-Titled-Tuesday-Blitz-February-20-2024"]
[Site "Chess.com"]
[Date "2024.02.20"]
[Round "1"]
[White "The_Straightforward_Rook"]
[Black "LionTheLeon_06"]
[Result "0-1"]
[WhiteElo "2496"]
[BlackElo "2891"]
[TimeControl "180+1"]
[EndTime "8:02:51 PST"]
[Termination "LionTheLeon_06 won by resignation"]

1. Nf3 Nf6 2. d4 d5 3. e3 e6 4. Bd3 b6 5. O-O Be7 6. Nbd2 O-O 7. e4 dxe4 8. Nxe4 Nbd7 9. Qe2 Bb7 10. Rd1 Nxe4 11.
Bxe4 Bxe4 12. Qxe4 Nf6 13. Qe2 Qd5 14. c4 Qh5 15. Bf4 Bd6 16. Be5 Rad8 17. h3 Rd7 18. Rd2 Rfd8 19. Rad1 a5 20. Bxd6 Rxd6 21. Qe5 Qg6 22. b3 h6 23. Kh2 Ne4 24. Rd3 Nxf2 0-1

[Event "Early-Titled-Tuesday-Blitz-February-20-2024"]
[Site "Chess.com"]
[Date "2024.02.20"]
[Round "1"]
[White "GoltsevDmitry2000"]
[Black "RCone"]
[Result "1-0"]
[WhiteElo "2781"]
[BlackElo "2441"]
[TimeControl "180+1"]
[EndTime "8:02:51 PST"]
[Termination "GoltsevDmitry2000 won by resignation"]

1. e4 d6 2. Nf3 Nf6 3. Nc3 g6 4. d4 Bg7 5. h3 O-O 6. Be2 Nc6 7. Be3 e5 8. d5 Ne7 9. Qd2 Ne8 10. O-O-O a6 11. g4 c5 12. dxc6 bxc6 13. Bc5 Rb8 14.
Bxd6 Nxd6 15. Qxd6 Qb6 16. Qxe7 Qxb2+ 17. Kd2 Be6 18.
Rb1 Rbd8+ 19. Bd3 Qa3 20. Qxa3 1-0

[Event "Early-Titled-Tuesday-Blitz-February-20-2024"]
[Site "Chess.com"]
[Date "2024.02.20"]
[Round "1"]
[White "Kapitan_Bayan"]
[Black "Leonid_Starozhilov"]
[Result "0-1"]
[WhiteElo "2367"]
[BlackElo "2698"]
[TimeControl "180+1"]
[EndTime "8:03:02 PST"]
[Termination "Leonid_Starozhilov won by resignation"]

1. e4 g6 2. d4 Bg7 3. c4 d6 4.
Nc3 Nc6 5. Be3 Nf6 6. Be2 O-O 7. f4 e5 8. d5 Nd4 9. Bxd4 exd4 10. Qxd4 c6 11.
Qd3 cxd5 12. exd5 Bf5 13. Qd2 Qb6 14. Nf3 Rfe8 15. a4 Ne4 16. Nxe4 Rxe4 17. a5 Qc5 18.
b4 Qxc4 19. Rc1 Rxe2+ 0-1

[Event "Early-Titled-Tuesday-Blitz-February-20-2024"]
[Site "Chess.com"]
[Date "2024.02.20"]
[Round "1"]
[White "kpio91"]
[Black "zajka-molotok"]
[Result "1-0"]
[WhiteElo "2892"]
[BlackElo "2499"]
[TimeControl "180+1"]
[EndTime "8:03:16 PST"]
[Termination "kpio91 won by resignation"]

1. d4 d5 2. Nf3 Nf6 3. e3 e6 4. Bd3 b6 5. O-O Bb7 6. b3 Be7 7. Bb2 O-O 8. Ne5 c5 9. Nd2 Nc6 10. f4 cxd4 11. exd4 Nb4 12. Be2 Ba6 13. c3 Bxe2 14.
Qxe2 Nc2 15. Rac1 Na3 16. Nc6 Qc7 17. Nxe7+ Qxe7 18. Qa6 1-0

[Event "Early-Titled-Tuesday-Blitz-February-20-2024"]
[Site "Chess.com"]
[Date "2024.02.20"]
[Round "1"]
[White "1mbl4"]
[Black "GAusal"]
[Result "0-1"]
[WhiteElo "2609"]
[BlackElo "2293"]
[TimeControl "180+1"]
[EndTime "8:03:20 PST"]
[Termination "GAusal won by resignation"]

1. d4 d5 2. Bf4 c6 3. e3 Nf6 4. Nc3 Bf5 5. Bd3 Bxd3 6. cxd3 e6 7. h3 Nbd7 8. Nf3 Be7 9. O-O O-O 10. e4 h6 11. Qd2 Nh5 12. Bh2 Rc8 13. e5 g5 14. a3 c5 15. dxc5 Nxc5 16. Rae1 Qb6 17. b4 Nb3 18. Qb2 Nd4 19. Nd2 Nb5 20. Nxb5 Qxb5 21.
Re3 Qc6 22. Qd4 b6 0-1

[Event "Early-Titled-Tuesday-Blitz-February-20-2024"]
[Site "Chess.com"]
[Date "2024.02.20"]
[Round "1"]
[White "inagreV"]
[Black "Kildepiotr"]
[Result "0-1"]
[WhiteElo "2351"]
[BlackElo "2681"]
[TimeControl "180+1"]
[EndTime "8:03:23 PST"]
[Termination "Kildepiotr won by resignation"]

1. e4 g6 2. d4 Bg7 3. Nc3 c6 4. Nf3 d6 5. h3 Nd7 6. a4 Ngf6 7. Be3 e5 8. dxe5 dxe5 9. Bc4 Qe7 10.
O-O O-O 11. a5 Nc5 12. Nd2 Rd8 13. Qe2 Ne6 14. Bxe6 Bxe6 15. Nc4 Nh5 16. Rfd1 Nf4 17.
Qf1 Qb4 18. Ra4 Bxc4 19. Rxb4 Bxf1 20. Rxf1 Rd7 21. Kh2 Bf8 22. Rb3 a6 23. Na4 Rad8 24. Bb6 Re8 25. g3 Ne6 26. c3 Ng5 27. Re1 Nf3+ 0-1

[Event "Early-Titled-Tuesday-Blitz-February-20-2024"]
[Site "Chess.com"]
[Date "2024.02.20"]
[Round "1"]
[White "Beca95"]
[Black "WindWhistler11"]
[Result "1-0"]
[WhiteElo "2875"]
[BlackElo "2492"]
[TimeControl "180+1"]
[EndTime "8:03:26 PST"]
[Termination "Beca95 won by resignation"]

1. Nf3 Nf6 2. c4 d6 3. d4 Nbd7 4. Nc3 e5 5. Bg5 Be7 6. Qc2 h6 7. Bh4 c6 8. O-O-O Qc7 9. e3 Nf8 10. h3 Bd7 11. g4 Ng6 12. Bg3 h5 13. g5 Nh7 14. h4 Bg4 15. Be2 O-O-O 16. dxe5 dxe5 17.
Nxe5 Rxd1+ 18. Rxd1 Nxe5 19. Bxg4+ hxg4 20. Qf5+ 1-0

[Event "Early-Titled-Tuesday-Blitz-February-20-2024"]
[Site "Chess.com"]
[Date "2024.02.20"]
[Round "1"]
[White "Zhigalko_Sergei"]
[Black "amanjazu"]
[Result "1-0"]
[WhiteElo "2941"]
[BlackElo "2510"]
[TimeControl "180+1"]
[EndTime "8:03:37 PST"]
[Termination "Zhigalko_Sergei won by resignation"]

1. e4 Nf6 2. e5 Nd5 3. d4 d6 4.
Nf3 g6 5. Bc4 Nb6 6. Bb3 Bg7 7. Qe2 O-O 8. h3 Nc6 9. O-O a5 10. a3 a4 11. Ba2 dxe5 12. dxe5 Nd4 13. Nxd4 Qxd4 14. Re1 Ra5 15. e6 fxe6 16. Nc3 Nd5 17. Bd2 Nf4 18. Bxf4 Qxf4 1-0

[Event "Early-Titled-Tuesday-Blitz-February-20-2024"]
[Site "Chess.com"]
[Date "2024.02.20"]
[Round "1"]
[White "Kleyton_Lima"]
[Black "frequentblunders"]
[Result "1-0"]
[WhiteElo "2575"]
[BlackElo "2155"]
[TimeControl "180+1"]
[EndTime "8:03:47 PST"]
[Termination "Kleyton_Lima won by resignation"]

1. d4 e6 2. c4 c5 3. d5 exd5 4. cxd5 f5 5. Nc3 d6 6. Nf3 Nf6 7. Bf4 a6 8. a4 g6 9. g3 Bg7 10. Bg2 O-O 11. Nd2 Re8 12. O-O Nh5 13. Be3 Nd7 14. Nc4 Ne5 15. Nxe5 Bxe5 16. Bf3 f4 17. Bd2 Bh3 18. Re1 fxg3 19. hxg3 Nxg3 20. fxg3 Bxg3 21.
Qc1 Bxe1 22. Qxe1 Qh4 23. Qxh4 1-0

[Event "Early-Titled-Tuesday-Blitz-February-20-2024"]
[Site "Chess.com"]
[Date "2024.02.20"]
[Round "1"]
[White "KetiTsatsalashvili"]
[Black "A-Fier"]
[Result "0-1"]
[WhiteElo "2445"]
[BlackElo "2792"]
[TimeControl "180+1"]
[EndTime "8:03:50 PST"]
[Termination "A-Fier won by resignation"]

1. d4 Nf6 2. Nf3 c5 3. d5 g6 4. c4 Bg7 5. Nc3 O-O 6. e4 e6 7. Bd3 exd5 8. exd5 Re8+ 9. Be3 Ng4 10. O-O Nxe3 11.
fxe3 d6 12. Qd2 Nd7 13. Rae1 Ne5 14. Nxe5 Bxe5 15. Ne4 f5 16. Nc3 Qh4 17. g3 Qh6 18. Qg2 Rf8 19. e4 f4 20. gxf4 Rxf4 21. Rxf4 Qxf4 22.
Bc2 Bd7 23. Rf1 Qe3+ 24. Qf2 Qxf2+ 25. Kxf2 Bxh2 26. e5 Bxe5 27. Ke2 Rf8 28. Rxf8+ Kxf8 29. Kd3 Bxc3 30. Kxc3 Kg7 31. Kd2 Kf6 32. Ke3 Ke5 33. Bd1 Bf5 34. Bf3 h5 35. a3 h4 36. b4 b6 37. bxc5 bxc5 38. Bg2 g5 39. Bf3 g4 40. Bg2 g3 41. Bh1 h3 42. Kf3 g2 43. Bxg2 Be4+ 0-1

[Event "Early-Titled-Tuesday-Blitz-February-20-2024"]
[Site "Chess.com"]
[Date "2024.02.20"]
[Round "1"]
[White "Predo63"]
[Black "BillCoe"]
[Result "1/2-1/2"]
[WhiteElo "2554"]
[BlackElo "2126"]
[TimeControl "180+1"]
[EndTime "8:03:50 PST"]
[Termination "Game drawn by repetition"]

1. d4 d5 2. Bf4 e6 3. e3 Nf6 4. c4 Be7 5. Nc3 O-O 6. Nf3 b6 7. Be2 dxc4 8. Bxc4 Bb7 9. O-O c5 10. dxc5 Bxc5 11. Qxd8 Rxd8 12. Rfd1 Nc6 13. a3 Rxd1+ 14.
Rxd1 Rd8 15. Rxd8+ Nxd8 16. b4 Be7 17. h3 h6 18. Kf1 Kf8 19. Ke2 Ke8 20. Ne5 Nc6 21.
Nxc6 Bxc6 22. g4 Kd7 23. f3 Bd6 24. Bxd6 Kxd6 25. f4 Ne4 26. Nxe4+ Bxe4 27. h4 f6 28. g5 hxg5 29. hxg5 e5 30. gxf6 gxf6 31. Kf2 exf4 32. exf4 Bc2 33. Ke3 Bf5 34. Kd4 Bc2 35. Bf7 Bb1 36.
Bh5 Bf5 37. Bf3 Bd7 38. Bd5 Bb5 39. Bc4 Bc6 40. Bd3 Bd7 41. Be4 Bb5 42. Bd5 Ba6 43.
Be4 Bb5 44. Bf5 Ba6 45. Be4 Bb5 1/2-1/2

[Event "Early-Titled-Tuesday-Blitz-February-20-2024"]
[Site "Chess.com"]
[Date "2024.02.20"]
[Round "1"]
[White "Happy1712Drummer"]
[Black "ChessQueen"]
[Result "0-1"]
[WhiteElo "2384"]
[BlackElo "2717"]
[TimeControl "180+1"]
[EndTime "8:03:52 PST"]
[Termination "ChessQueen won by checkmate"]

1. e4 c6 2. d4 d5 3. Nd2 dxe4 4. Nxe4 Nf6 5. Nxf6+ exf6 6. c3 Bd6 7. Bd3 Na6 8. Ne2 Nc7 9. Qc2 h5 10. Bd2 Nd5 11.
c4 Nb4 12. Bxb4 Bxb4+ 13. Nc3 Qe7+ 14. Be2 O-O 15. O-O-O Bxc3 16. bxc3 Qa3+ 17. Qb2 Qa5 18. Bxh5 Qxh5 19. f3 Re8 20. g4 Qg5+ 21. Kb1 b5 22. c5 Be6 23. h4 Qd5 24. h5 Qxf3 25. h6 Bd5 26. Rhf1 Qe2 27. Qc1 Qxa2# 0-1

[Event "Early-Titled-Tuesday-Blitz-February-20-2024"]
[Site "Chess.com"]
[Date "2024.02.20"]
[Round "1"]
[White "Timerkhanov"]
[Black "pauliukevicius"]
[Result "1-0"]
[WhiteElo "2652"]
[BlackElo "2315"]
[TimeControl "180+1"]
[EndTime "8:03:53 PST"]
[Termination "Timerkhanov won by resignation"]

1. d4 Nf6 2. Bg5 d5 3. Nd2 c6 4. e3 Nbd7 5. Ngf3 h6 6. Bh4 Ne4 7. Nxe4 dxe4 8. Nd2 g5 9. Bg3 Nf6 10. Be5 Bf5 11. h4 g4 12. g3 h5 13. Bg2 Qb6 14.
O-O O-O-O 15. Bxf6 exf6 16. Nxe4 Bxe4 17. Bxe4 Qxb2 18. Rb1 Qxa2 19. Ra1 Qe6 20. Qd3 Kb8 21. Rfb1 Bd6 22. Bxc6 Bxg3 23. Bxb7 Bxf2+ 24. Kxf2 Qd6 25. Bg2+ Kc8 26. Qc4+ Qc7 27. Qa6+ Kd7 28. Rb7 Rc8 29. Qc6+ Kd8 30. Rxc7 Rxc7 31. Qd6+ Kc8 32. Be4 Re8 33.
Bf5+ Kb8 34. Rb1+ Ka8 35. Qxc7 1-0

[Event "Early-Titled-Tuesday-Blitz-February-20-2024"]
[Site "Chess.com"]
[Date "2024.02.20"]
[Round "1"]
[White "Ready4abattle"]
[Black "ShazilTheGOAT2006"]
[Result "0-1"]
[WhiteElo "2261"]
[BlackElo "2615"]
[TimeControl "180+1"]
[EndTime "8:03:55 PST"]
[Termination "ShazilTheGOAT2006 won by resignation"]

1. e4 c6 2. d4 d5 3. e5 a6 4. Nd2 Bf5 5. Nb3 e6 6. Nf3 c5 7.
c4 dxc4 8. Bxc4 b5 9. Be2 c4 10. Nbd2 Nc6 11. Nf1 Nge7 12. Ng3 Bg6 13. O-O Nd5 14. a4 Be7 15. axb5 axb5 16. Rxa8 Qxa8 17. Bd2 O-O 18. b3 c3 19. Bg5 b4 20. Bxe7 Ncxe7 21. Bd3 Qa2 22. Bxg6 Nxg6 23. Qb1 Qxb1 24. Rxb1 Ra8 25.
Kf1 Ngf4 26. Ne2 Nxe2 27. Kxe2 Ra2+ 28. Kd3 Nf4+ 0-1

[Event "Early-Titled-Tuesday-Blitz-February-20-2024"]
[Site "Chess.com"]
[Date "2024.02.20"]
[Round "1"]
[White "Mikhail_Bryakin"]
[Black "ReinisUz"]
[Result "1-0"]
[WhiteElo "2731"]
[BlackElo "2395"]
[TimeControl "180+1"]
[EndTime "8:04:00 PST"]
[Termination "Mikhail_Bryakin won by resignation"]

1. e4 c5 2. d4 cxd4 3. Qxd4 Nc6 4.
Qd3 g6 5. Nc3 Bg7 6. Nf3 Nf6 7.
Be2 d6 8. O-O O-O 9. Nd5 Bd7 10.
c3 a6 11. h3 Rc8 12. Bg5 Nxd5 13. exd5 Ne5 14. Nxe5 Bxe5 15. Bh6 Re8 16. Bg4 Bb5 17. Qe3 Bxf1 18. Bxc8 Bxg2 19. Bxb7 e6 20. Kxg2 exd5 21. Bxd5 Qa5 22. c4 Qc7 23. Re1 Rb8 24. b3 Qd7 25. Qf3 a5 26. Bf4 Bg7 27. Bg3 Rd8 28. h4 h5 29. Qe4 a4 30. Qxg6 axb3 31. axb3 Re8 32.
Rxe8+ Qxe8 33. Qxh5 1-0

[Event "Early-Titled-Tuesday-Blitz-February-20-2024"]
[Site "Chess.com"]
[Date "2024.02.20"]
[Round "1"]
[White "GMT4114"]
[Black "Statham_01"]
[Result "0-1"]
[WhiteElo "2026"]
[BlackElo "2552"]
[TimeControl "180+1"]
[EndTime "8:04:00 PST"]
[Termination "Statham_01 won by resignation"]

1. e4 e5 2. Bc4 Nf6 3. d3 c6 4. Nf3 d5 5. Bb3 dxe4 6. Ng5 Be6 7. Bxe6 fxe6 8. Nxe4 Nxe4 9. dxe4 Qxd1+ 10. Kxd1 Nd7 11. Bd2 O-O-O 12. Ke2 Bc5 13. Bc3 Bd4 14.
f3 h5 15. Rd1 Nf6 16. Rd3 h4 17. Nd2 Nh5 18. g3 hxg3 19. hxg3 Nxg3+ 0-1

[Event "Early-Titled-Tuesday-Blitz-February-20-2024"]
[Site "Chess.com"]
[Date "2024.02.20"]
[Round "1"]
[White "LyonBeast"]
[Black "SharapovEvgeny"]
[Result "1-0"]
[WhiteElo "3184"]
[BlackElo "2539"]
[TimeControl "180+1"]
[EndTime "8:04:01 PST"]
[Termination "LyonBeast won by resignation"]

1. e4 c6 2. Nf3 d5 3. Nc3 Bg4 4. h3 Bxf3 5. Qxf3 e6 6. d4 Nd7 7. Bd3 g6 8. O-O Bg7 9. Ne2 Ne7 10. c3 O-O 11. exd5 cxd5 12. Rd1 Rc8 13. a4 Nb6 14. b3 Nf5 15. Ba3 Re8 16. Rac1 Nd6 17. a5 Na8 18. c4 dxc4 19. bxc4 Nf5 20. Be4 Qxa5 21. Bxb7 Rcd8 22. Bc6 Nb6 23. Bxe8 Rxe8 24. Bc5 Na4 25. Ra1 Rc8 26. Qa3 Rxc5 27. dxc5 Bxa1 28. Qxa1 h5 29. Qf6 1-0

[Event "Early-Titled-Tuesday-Blitz-February-20-2024"]
[Site "Chess.com"]
[Date "2024.02.20"]
[Round "1"]
[White "Tocras"]
[Black "NewYearGirl"]
[Result "1-0"]
[WhiteElo "2698"]
[BlackElo "2366"]
[TimeControl "180+1"]
[EndTime "8:04:08 PST"]
[Termination "Tocras won by resignation"]

1. Nc3 d5 2. d4 Bf5 3. f3 e6 4. e4 dxe4 5. fxe4 Bg6 6. Nf3 Bb4 7. Bd3 Nf6 8. Bg5 h6 9. Bh4 Bh5 10. O-O Bxf3 11. Qxf3 Qxd4+ 12. Kh1 Bxc3 13. bxc3 Qe5 14. Rab1 Nbd7 15. Rb5 Qxc3 16. e5 Nxe5 17. Bxf6 gxf6 18. Qxf6 1-0

[Event "Early-Titled-Tuesday-Blitz-February-20-2024"]
[Site "Chess.com"]
[Date "2024.02.20"]
[Round "1"]
[White "cthulhuuu"]
[Black "joshdaruca"]
[Result "0-1"]
[WhiteElo "2415"]
[BlackElo "2763"]
[TimeControl "180+1"]
[EndTime "8:04:11 PST"]
[Termination "joshdaruca won by resignation"]

1. e4 e6 2. d3 d5 3. Nd2 c5 4. Ngf3 Nc6 5. g3 Bd6 6. Bg2 Nge7 7. O-O O-O 8. Re1 Qc7 9. Qe2 f6 10. c3 Bd7 11. a3 Rae8 12. b4 b6 13. Bb2 a5 14. b5 Ne5 15. Nxe5 Bxe5 16. d4 cxd4 17. cxd4 Bd6 18. Rac1 Qb8 19. f4 Rc8 20. e5 fxe5 21.
fxe5 Rxc1 22. Bxc1 Bc7 23. Nf3 a4 24. Bd2 Nc8 25. Bb4 Rf7 26. Ng5 Rf5 27. Rf1 0-1

[Event "Early-Titled-Tuesday-Blitz-February-20-2024"]
[Site "Chess.com"]
[Date "2024.02.20"]
[Round "1"]
[White "IM_ArthurDW08"]
[Black "Colombiano07"]
[Result "1-0"]
[WhiteElo "2765"]
[BlackElo "2420"]
[TimeControl "180+1"]
[EndTime "8:04:14 PST"]
[Termination "IM_ArthurDW08 won by resignation"]

1. e4 e6 2. d4 d5 3. Nc3 Bb4 4. e5 c5 5. a3 Bxc3+ 6. bxc3 Ne7 7. Qg4 Qc7 8. Bd3 cxd4 9. Ne2 Nbc6 10. cxd4 Bd7 11.
O-O O-O 12. Bf4 Rac8 13. h4 Qb6 14. Rab1 Qc7 15. h5 Kh8 16. h6 gxh6 17. Bxh6 Rg8 18. Qh4 1-0

[Event "Early-Titled-Tuesday-Blitz-February-20-2024"]
[Site "Chess.com"]
[Date "2024.02.20"]
[Round "1"]
[White "chessdjw"]
[Black "semchik73"]
[Result "1-0"]
[WhiteElo "2750"]
[BlackElo "2409"]
[TimeControl "180+1"]
[EndTime "8:04:15 PST"]
[Termination "chessdjw won by resignation"]

1. d4 d5 2. c4 c6 3. Nc3 Nf6 4. e3 g6 5. Nf3 Bg7 6. Be2 O-O 7. O-O dxc4 8. Bxc4 Bg4 9. h3 Bxf3 10. Qxf3 Nbd7 11. Rd1 e5 12. a3 Qe7 13. Ba2 e4 14. Qe2 Nb6 15. Bd2 Rad8 16. Rac1 Rfe8 17. Kh1 Nfd5 18.
Nxd5 Nxd5 19. Rc5 Qh4 20. Rdc1 h5 21. Kg1 Re6 22. Bxd5 Rxd5 23. Rxd5 cxd5 24. Qb5 Rf6 25. Be1 Qg5 26. Qxb7 Rb6 27. Qa8+ Kh7 28. b4 Bxd4 29. Rc7 Rf6 30. exd4 e3 31. Rc8 exf2+ 32. Bxf2 Rxf2 33.
Rh8+ Kg7 34. Qf8+ Kf6 35. Qd8+ Kf5 36. Qxg5+ Kxg5 37. Kxf2 f5 38. Rd8 Kf4 39. Rxd5 Ke4 40. Rd7 1-0

[Event "Early-Titled-Tuesday-Blitz-February-20-2024"]
[Site "Chess.com"]
[Date "2024.02.20"]
[Round "1"]
[White "BallottiLuca"]
[Black "traviscottofficial"]
[Result "0-1"]
[WhiteElo "2432"]
[BlackElo "2774"]
[TimeControl "180+1"]
[EndTime "8:04:20 PST"]
[Termination "traviscottofficial won by resignation"]

1. d4 Nf6 2. Bg5 d5 3. Bxf6 exf6 4. e3 c6 5. Nd2 Bd6 6. Bd3 O-O 7. Qf3 Re8 8. Ne2 g6 9. h4 h5 10. Nf4 Bg4 11. Qg3 Qc7 12. Kf1 Nd7 13. f3 Rxe3 14. Qf2 Bxf4 15. fxg4 Rae8 16. Rh3 hxg4 17. Rxe3 Bxe3 18.
Qe2 Qf4+ 19. Ke1 Bxd2+ 0-1

[Event "Early-Titled-Tuesday-Blitz-February-20-2024"]
[Site "Chess.com"]
[Date "2024.02.20"]
[Round "1"]
[White "dosto07"]
[Black "Genghis_K"]
[Result "0-1"]
[WhiteElo "2508"]
[BlackElo "2920"]
[TimeControl "180+1"]
[EndTime "8:04:25 PST"]
[Termination "Genghis_K won by resignation"]

1. e4 c5 2. Nf3 d6 3. Bb5+ Bd7 4. Bxd7+ Nxd7 5. O-O e6 6. Qe2 Be7 7. c3 Ngf6 8. d4 O-O 9. Rd1 Qc7 10. Bg5 Rfe8 11.
Bh4 Rac8 12. Na3 a6 13. e5 dxe5 14. dxe5 Nd5 15. Bxe7 Rxe7 16. Nc4 Rd8 17. g3 b5 18.
Ncd2 N7b6 19. Ne4 Red7 20. h4 h6 21. b3 c4 22. b4 Na4 23. Qe1 Nb2 24. Rd2 Nd3 25.
Qe2 Nxe5 26. Nc5 Nxc3 27. Qxe5 Qxe5 28. Nxe5 Rxd2 29. Kg2 Rd1 30. Rxd1 Rxd1 31. Nxa6 Nxa2 32. Nc5 Nxb4 0-1

[Event "Early-Titled-Tuesday-Blitz-February-20-2024"]
[Site "Chess.com"]
[Date "2024.02.20"]
[Round "1"]
[White "carokannlover213"]
[Black "Jakuboss22005"]
[Result "1-0"]
[WhiteElo "2860"]
[BlackElo "2479"]
[TimeControl "180+1"]
[EndTime "8:04:25 PST"]
[Termination "carokannlover213 won by resignation"]

1. d4 Nf6 2. c4 g6 3. Nc3 Bg7 4. e4 O-O 5. Be2 d6 6. Be3 Nc6 7. d5 Ne5 8. f4 Neg4 9. Bc1 c6 10. h3 Nh6 11. Be3 cxd5 12. cxd5 Qa5 13. Qd2 Nd7 14. Nf3 f5 15. e5 Kh8 16. O-O a6 17. Rab1 b5 18. b4 Qd8 19. Rfe1 Bb7 20. Ng5 Rg8 21. Ne6 Qb8 22. Nxg7 Rxg7 23. Bd4 Ng8 24. Bf3 g5 25. exd6 Ngf6 26. fxg5 1-0

[Event "Early-Titled-Tuesday-Blitz-February-20-2024"]
[Site "Chess.com"]
[Date "2024.02.20"]
[Round "1"]
[White "sotochess"]
[Black "WiktoriaPOL"]
[Result "1-0"]
[WhiteElo "2623"]
[BlackElo "2276"]
[TimeControl "180+1"]
[EndTime "8:04:28 PST"]
[Termination "sotochess won on time"]

1. e4 c5 2. Nf3 d6 3. d4 cxd4 4.
Nxd4 Nf6 5. f3 Nc6 6. c4 g6 7. Nc2 Bg7 8. Nc3 O-O 9. Be3 a6 10. Qd2 Rb8 11. Be2 Be6 12. O-O Ne5 13. b3 Bd7 14.
Rfd1 Qe8 15. h3 b5 16. f4 b4 17. fxe5 bxc3 18. Qxc3 dxe5 19. Bf3 Bc6 20. Qd3 Qc8 21. Nb4 1-0

[Event "Early-Titled-Tuesday-Blitz-February-20-2024"]
[Site "Chess.com"]
[Date "2024.02.20"]
[Round "1"]
[White "lamomiajunior"]
[Black "arturdailima"]
[Result "1-0"]
[WhiteElo "2728"]
[BlackElo "2393"]
[TimeControl "180+1"]
[EndTime "8:04:29 PST"]
[Termination "lamomiajunior won by resignation"]

1. d4 d5 2. c4 e6 3. Nc3 c5 4.
cxd5 exd5 5. Nf3 Nc6 6. dxc5 d4 7. Na4 b5 8. cxb6 axb6 9. b3 b5 10. Nb2 Bb4+ 11. Bd2 Bc3 12. Bxc3 dxc3 13. Nd3 Nge7 14. g3 O-O 15. Bg2 Bf5 16. O-O Qb6 17. b4 Rfc8 18.
a3 Ra4 19. Nc5 Ra7 20. e4 Bg4 21. Qb3 Bxf3 22. Bxf3 Nd4 23. Qxc3 Qe6 24. Qxd4 1-0

[Event "Early-Titled-Tuesday-Blitz-February-20-2024"]
[Site "Chess.com"]
[Date "2024.02.20"]
[Round "1"]
[White "ImportedItalianMaple"]
[Black "Jospem"]
[Result "0-1"]
[WhiteElo "2534"]
[BlackElo "3077"]
[TimeControl "180+1"]
[EndTime "8:04:31 PST"]
[Termination "Jospem won by resignation"]

1. Nf3 c5 2. e4 d6 3. Bb5+ Nd7 4. O-O a6 5. Bd3 Ngf6 6. c3 e6 7. Bc2 b6 8. d4 Bb7 9. Re1 Be7 10. e5 dxe5 11.
dxe5 Nd5 12. c4 Nb4 13. Be4 Qc7 14. Bf4 Bxe4 15. Rxe4 Rd8 16. Qe2 O-O 17. Nc3 Rfe8 18. Rd1 Nf8 19. Rxd8 Rxd8 20. Bg3 Nc6 21. Rg4 Ng6 22.
h4 h5 23. Re4 Nd4 24. Qe3 Nf5 25. Qf4 0-1

[Event "Early-Titled-Tuesday-Blitz-February-20-2024"]
[Site "Chess.com"]
[Date "2024.02.20"]
[Round "1"]
[White "Fandorine"]
[Black "PositionalPanther"]
[Result "1-0"]
[WhiteElo "2958"]
[BlackElo "2512"]
[TimeControl "180+1"]
[EndTime "8:04:31 PST"]
[Termination "Fandorine won by resignation"]

1. d4 d5 2. c4 e6 3. Nf3 a6 4.
Bg5 Be7 5. Bxe7 Nxe7 6. e3 O-O 7. Qc2 h6 8. Nc3 Nd7 9. h4 dxc4 10. Bxc4 b5 11.
Bd3 Bb7 12. Ne4 Rc8 13. Nc5 Nxc5 14. Qxc5 Bxf3 15. gxf3 Qd5 16. Qxe7 c5 17. Rg1 Kh8 18. Ke2 cxd4 19. Rxg7 Rc2+ 20. Bxc2 d3+ 21. Bxd3 Kxg7 22. Rg1+ 1-0